 Dungeon Crawl Stone Soup version 0.26-a0-104-gef3e9dd61f (webtiles) character file.

Game seed: 5146490543721387077

9052 Error4North the Cleaver (level 11, -1/101 HPs)
             Began as a Hill Orc Fighter on June 20, 2020.
             Was a High Priest of Okawaru.
             Slain by an unseen horror (9 damage)
             ... on level 11 of the Dungeon on June 22, 2020.
             The game lasted 00:31:55 (10086 turns).

Error4North the Cleaver (Hill Orc Fighter)         Turns: 10086, Time: 00:31:55

Health: -1/101     AC: 16    Str: 20    XL:     11   Next: 40%
Magic:  12/12      EV: 15    Int: 10    God:    Okawaru [*****.]
Gold:   591        SH: 11    Dex: 11    Spells: 10/10 levels left

rFire    . . .     SeeInvis .   a - +0 war axe
rCold    . . .     Gourm    .   c - +0 kite shield
rNeg     . . .     Faith    .   B - +0 swamp dragon scales
rPois    +         Spirit   .   p - +0 helmet
rElec    .         Reflect  .   z - +0 cloak
rCorr    .         Harm     .   (no gloves)
MR       .....                  (no boots)
Stlth    +.........             (no amulet)
HPRegen  0.26/turn              q - +4 ring of evasion
MPRegen  0.13/turn              h - +4 ring of protection

@: no status effects
A: no striking features
a: Heroism, Finesse, Renounce Religion


You were on level 11 of the Dungeon.
You worshipped Okawaru.
Okawaru was extremely pleased with you.
You were hungry.

You visited 2 branches of the dungeon, and saw 12 of its levels.
You also visited: Ossuary.

You collected 591 gold pieces.

Inventory:

Hand Weapons
 a - a +0 war axe (weapon)
Armour
 c - a +0 kite shield (worn)
 p - a +0 helmet (worn)
 z - a +0 cloak (worn)
 B - +0 swamp dragon scales (worn)
Jewellery
 h - a +4 ring of protection (right hand)
 q - a +4 ring of evasion (left hand)
 J - an uncursed amulet of guardian spirit
Wands
 m - a wand of flame (10)
 A - a wand of clouds (7)
 C - a wand of acid (6)
 G - a wand of paralysis (7)
 I - a wand of polymorph (1)
Scrolls
 b - 6 scrolls of immolation {unknown}
 e - 3 scrolls of amnesia {unknown}
 g - 3 scrolls of random uselessness {unknown}
 j - 7 scrolls of identify
 k - 7 scrolls of teleportation {unknown}
 t - 9 scrolls of remove curse {unknown}
 y - 2 scrolls of fog {unknown}
 D - a scroll of acquirement {unknown}
 F - a scroll of enchant weapon {unknown}
 H - a scroll of magic mapping {unknown}
 L - a scroll of silence {unknown}
Potions
 d - 3 potions of might
 i - 3 potions of invisibility
 l - 6 potions of brilliance
 n - a potion of stabbing {unknown}
 o - 5 potions of curing
 r - a potion of lignification {unknown}
 s - 3 potions of flight {unknown}
 u - 2 potions of mutation {unknown}
 v - 3 potions of heal wounds
 w - a potion of resistance {unknown}
 E - a potion of ambrosia {unknown}
 K - 2 potions of berserk rage
Comestibles
 f - 14 rations
 x - 7 chunks of flesh


   Skills:
 * Level 10.6 Fighting
 + Level 12.3 Axes
 * Level 9.0 Armour
 + Level 2.8 Dodging
 + Level 1.5 Stealth
 * Level 9.5 Shields
 * Level 2.3 Invocations
 * Level 1.3 Evocations


You had 10 spell levels left.
You didn't know any spells.
Your spell library contained the following spells:

 Spells                   Type           Power        Failure   Level  Hunger
 Animate Skeleton         Necr           N/A          75%         1    ##.....
 Pain                     Necr           #...         75%         1    ##.....
 Vampiric Draining        Necr           #.........   98%         3    ####...
 Animate Dead             Necr           N/A          100%        4    #####..
 Agony                    Necr           #.......     100%        5    ######.


Dungeon Overview and Level Annotations

Branches:
Dungeon (11/15)            Temple (1/1) D:6             Orc (0/2) D:11
Ossuary (visited)
   Lair: D:8-11

Altars:
Ashenzari
Cheibriados
Dithmenos
Elyvilon
Fedhas
Gozag
Hepliaklqana
Kikubaaqudgha
Makhleb
Nemelex Xobeh
Okawaru
Qazlal
Ru
Sif Muna
Trog
Uskayaw
Vehumet
Wu Jian
Xom
Yredelemnul
Zin
The Shining One

Shops:
D:6 }

Portals:
Gauntlet: D:11

Annotations:
D:6 3 runed translucent doors, sobakacece's ghost, novice HaAs


Message History

You block the adder's attack. The adder closely misses you.
You hit the adder.
You kill the adder!
Okawaru accepts your kill.
You hear the loud beating of a drum.
Something hits you.
* * * LOW HITPOINT WARNING * * *
You closely miss something. Something barely misses you.
Something hits you but does no damage. Something hits you but does no damage.
There is a gate leading to a gauntlet, spattered with blood here.
Beware, the minotaur awaits!
You see here an adder corpse.
Something hits you.
* * * LOW HITPOINT WARNING * * *
Something hits you!
* * * LOW HITPOINT WARNING * * *
Something hits you but does no damage. Something hits you!
You die...

#...# #...# #.#.#
#...# #...# #...#
#.......+ #.#∩#
#.#...#.# .. #...#
#.......###.. #.@.#
#............ #...#
#..#......#.. #.#.#
#............
#...###..........G.
#..............###
#..............#.##
#.########.....#...
#..............#...
#..............#...


There were no monsters in sight!

Vanquished Creatures
  A two-headed ogre (D:9)
  Maurice (D:9)
  Maggie (D:6)
  A troll (D:9)
  Grinder (D:6)
  A hippogriff (D:10)
  10 yaks
  Grum (D:9)
  2 steam dragons
  Menkaure (D:6)
  A water moccasin (D:9)
  A porcupine (D:10)
  2 phantoms
  5 sky beasts
  4 black bears
  4 ogres
  4 wolves (D:9)
  3 centaurs
  2 big kobolds (D:9)
  5 bullfrogs
  4 elf skeletons (D:6)
  11 scorpions
  3 killer bees (D:9)
  4 crimson imps
  A centaur zombie (Ossuary)
  4 human zombies
  2 jellies
  Crazy Yiuf (D:6)
  6 hounds
  2 human skeletons (D:6)
  4 orc priests
  5 orc wizards
  A bullfrog skeleton (D:4)
  A centaur skeleton (D:9)
  4 iguanas
  11 worker ants
  2 big kobold zombies (Ossuary)
  3 mummies (Ossuary)
  A howler monkey zombie (D:5)
  A worker ant zombie (D:7)
  11 gnolls
  2 scorpion zombies (Ossuary)
  12 adders
  4 shadow imps
  6 worms
  3 leopard geckos
  27 orcs
  9 bats
  2 giant cockroaches
  8 goblins
  9 hobgoblins
  19 jackals
  10 kobolds
  2 quokkas
  A ball python (D:2)
  5 frilled lizards
  5 gnoll zombies (Ossuary)
  4 goblin zombies (Ossuary)
  A jackal zombie (D:7)
  2 orc skeletons (D:6)
  4 orc zombies
  3 quokka skeletons
  3 rats
274 creatures vanquished.

Vanquished Creatures (others)
  A ball python (D:5)
1 creature vanquished.

Grand Total: 275 creatures vanquished

Notes
Turn   | Place    | Note
-------+----------+-------------------------------------------
     0 | D:1      | Error4North the Hill Orc Fighter began the quest for the
                  | Orb.
     0 | D:1      | Reached XP level 1. HP: 19/19 MP: 1/1
   162 | D:1      | Reached XP level 2. HP: 27/27 MP: 2/2
   591 | D:1      | Reached XP level 3. HP: 33/33 MP: 3/3
   837 | D:2      | Reached skill level 3 in Axes
  1297 | D:2      | Reached XP level 4. HP: 38/40 MP: 4/4
  1640 | D:3      | Found a glowing silver altar of Zin.
  1781 | D:3      | Reached XP level 5. HP: 37/47 MP: 5/5
  1796 | D:3      | Reached skill level 4 in Axes
  2441 | D:4      | Reached XP level 6. HP: 48/53 MP: 6/6
  2493 | D:4      | Reached skill level 5 in Armour
  2502 | D:4      | Reached skill level 5 in Axes
  2756 | D:4      | Reached skill level 5 in Fighting
  2756 | D:4      | Reached skill level 5 in Shields
  2756 | D:4      | Reached XP level 7. HP: 43/61 MP: 7/7
  3363 | D:5      | Entered Level 5 of the Dungeon
  3627 | D:5      | Reached skill level 6 in Axes
  3957 | D:5      | Found a shattered altar of Ashenzari.
  4172 | D:6      | Reached XP level 8. HP: 62/70 MP: 8/8
  4173 | D:6      | Found Fenyum's Gadget Boutique.
  4183 | D:6      | Noticed Menkaure
  4192 | D:6      | Killed Menkaure
  4192 | D:6      | Reached skill level 7 in Axes
  4262 | D:6      | Reached skill level 8 in Axes
  4275 | D:6      | Found a sand-covered staircase.
  4291 | Ossuary  | Entered an ossuary
  4429 | Ossuary  | Upgraded the game from 0.26-a0-84-g8c18429211 to
                  | 0.26-a0-86-gd5eb6995ac
  4606 | Ossuary  | Reached XP level 9. HP: 77/79 MP: 9/9
  4641 | Ossuary  | Reached skill level 9 in Axes
  4641 | Ossuary  | Reached skill level 1 in Dodging
  4846 | D:6      | Upgraded the game from 0.26-a0-86-gd5eb6995ac to
                  | 0.26-a0-104-gef3e9dd61f
  5012 | D:6      | Found a runed translucent gate.
  5012 | D:6      | Found a runed translucent gate.
  5049 | D:6      | Found a runed translucent gate.
  5055 | D:6      | Noticed sobakacece's ghost (novice HaAs)
  5067 | D:6      | Noticed Maggie
  5091 | D:6      | Killed Maggie
  5248 | D:6      | Found an opulent altar of Gozag.
  5515 | D:6      | Found a runed translucent door.
  5516 | D:6      | Noticed Crazy Yiuf
  5530 | D:6      | Killed Crazy Yiuf
  5535 | D:6      | Got an encrusted mace
  5550 | D:6      | Identified the cursed +1 mace "Wuucsin" {drain, *Drain rN+
                  | Str+7 Int-3 SInv} (You found it on level 6 of the Dungeon)
  5634 | D:6      | Found a staircase to the Ecumenical Temple.
  5634 | D:6      | Noticed Grinder
  5648 | D:6      | Killed Grinder
  5648 | D:6      | Reached skill level 10 in Axes
  5652 | Temple   | Entered the Ecumenical Temple
  5789 | Temple   | Became a worshipper of Warmaster Okawaru
  6867 | D:7      | Reached XP level 10. HP: 85/90 MP: 10/10
  7218 | D:8      | Found a bloodstained altar of Trog.
  7385 | D:8      | Found a bloodstained altar of Trog.
  7518 | D:8      | Reached * piety under Okawaru
  7737 | D:9      | Reached skill level 1 in Stealth
  7907 | D:9      | Found a glowing golden altar of the Shining One.
  7937 | D:9      | Noticed Maurice
  8096 | D:9      | Killed Maurice
  8107 | D:9      | Found a white marble altar of Elyvilon.
  8165 | D:9      | Reached skill level 11 in Axes
  8167 | D:9      | Reached ** piety under Okawaru
  8599 | D:9      | Noticed Grum
  8608 | D:9      | Reached skill level 10 in Fighting
  8618 | D:9      | Reached *** piety under Okawaru
  8625 | D:9      | Killed Grum
  8931 | D:9      | Noticed a two-headed ogre
  8945 | D:9      | Killed a two-headed ogre
  8945 | D:9      | Reached XP level 11. HP: 100/100 MP: 11/11
  9071 | D:9      | Reached **** piety under Okawaru
  9205 | D:10     | Entered Level 10 of the Dungeon
  9258 | D:10     | Reached skill level 12 in Axes
  9265 | D:10     | Reached skill level 1 in Invocations
  9538 | D:10     | Reached skill level 1 in Evocations
  9875 | D:10     | You fall into a shaft and drop 1 floor!
  9930 | D:11     | Found a staircase to the Orcish Mines.
 10044 | D:11     | Reached ***** piety under Okawaru
 10069 | D:11     | Found a gate leading to a gauntlet.
 10086 | D:11     | Slain by an unseen horror

Illustrated notes

Levels and vault maps discovered:
D:1:      lightli_arrival_maybe_door_vault, layout_rooms,
          minmay_misc_feat_enclosed, nrook_loot_triangle
D:2:      layout_loops_ring
D:3:      layout_loops_ring, lemuel_doored_altar, serial_park_tiny_1
D:4:      layout_rooms, minmay_misc_feat_ornament
D:5:      layout_cave_pools, first_ration, grunt_ashenzari_visionary
          [grunt_ashenzari_visionary_shoals, grunt_ashenzari_visionary_snake]
D:6:      layout_basic, minmay_temple_entry_hall, serial_shops, shop,
          gammafunk_ghost_split, nicolae_ossuary_entry_catacombs,
          grunt_gozag_breadcrumbs, uniq_menkaure, uniq_grinder,
          uniq_crazy_yiuf_cottage, uniq_maggie
D:7:      layout_cave_pods
D:8:      layout_loops_ring, kennysheep_mini_moat, bloody_trog
D:9:      layout_irregular_city, elyvilon_altar_5, nicolae_tso_carved_into_rock,
          uniq_grum, uniq_maurice
D:10:     layout_roguey, grunt_lair_entry_orc_guard_hut, hangedman_stone_soup
D:11:     layout_stronghold, orc_0_dummy, gauntlet_entry_generic, uniq_urug,
          uniq_erica
Temple:   compressed_dpeg_circular_temple

Skill      XL: |  1  2  3  4  5  6  7  8  9 10 11 |
---------------+----------------------------------+-----
Fighting       | 4 5 6 7 8 10 | 10.6
Axes           | 3 4 5 6 8 10 11 12 | 12.3
Shields        | 4 5 6 7 8 9 |  9.5
Armour         | 4 5 6 7 8 9 |  9.0
Dodging        | 1 2 |  2.8
Stealth        | 1 |  1.5
Invocations    | 2 |  2.3
Evocations     | 1 |  1.3

Action                   |  1- 3 |  4- 6 |  7- 9 | 10-12 || total
-------------------------+-------+-------+-------+-------++-------
Melee: War axe           |   111 |   144 |   548 |   338 ||  1141
Invok: Heroism           |       |       |       |     3 ||     3
  Use: Potion            |       |     2 |     6 |     2 ||    10
       Scroll            |       |       |     3 |     2 ||     5
 Stab: Invisible         |       |       |     3 |     7 ||    10
  Eat: Chunk             |     1 |     5 |    11 |    10 ||    27
       Ration            |       |       |     1 |       ||     1
Armor: Scale mail        |    30 |       |       |       ||    30
       Chain mail        |    44 |   111 |   170 |       ||   325
       Swamp dragon scal |       |       |    53 |   206 ||   259
Dodge: Dodged            |    37 |    61 |   225 |   212 ||   535
Block: Kite shield       |    62 |    97 |   265 |   219 ||   643

Table legend:
 A = Non-vault XP
 B = Vault XP
 C = Vault XP percentage of total XP
 D = Non-vault monster count
 E = Vault monster count
 F = Vault count percentage of total count
                 A         B        C        D         E       F
            +---------+---------+-------+---------+---------+-------
      Total |    8995 |    3937 |  30.4 |     220 |      55 |  20.0
            +---------+---------+-------+---------+---------+-------
        D:1 |      35 |       0 |   0.0 |      19 |       0 |   0.0
        D:2 |      52 |       0 |   0.0 |      19 |       0 |   0.0
        D:3 |     178 |       0 |   0.0 |      29 |       0 |   0.0
        D:4 |     459 |       0 |   0.0 |      21 |       0 |   0.0
        D:5 |     292 |       0 |   0.0 |      18 |       0 |   0.0
        D:6 |     571 |    1410 |  71.2 |      15 |      15 |  50.0
        D:7 |     853 |       0 |   0.0 |      23 |       0 |   0.0
        D:8 |     415 |       0 |   0.0 |       7 |       0 |   0.0
        D:9 |    3965 |    1148 |  22.5 |      40 |       6 |  13.0
       D:10 |    1174 |     562 |  32.4 |      22 |       4 |  15.4
       D:11 |    1001 |       0 |   0.0 |       7 |       0 |   0.0
    Ossuary |       0 |     817 | 100.0 |       0 |      30 | 100.0
            +---------+---------+-------+---------+---------+-------
